 Dungeon Crawl Stone Soup version 0.26-a0-610-g3e9335bbc7 (webtiles) character file.

Game seed: 8592971195618137235

51079 Mitsuki the Scorcher (level 14, -2/82 HPs)
             Began as a Deep Elf Conjurer on Sept 1, 2020.
             Was a High Priest of Vehumet.
             Slain by a wolf spider (5 damage)
             ... on level 2 of the Lair of Beasts on Sept 3, 2020.
             The game lasted 02:47:44 (27045 turns).

Mitsuki the Scorcher (Deep Elf Conjurer)           Turns: 27045, Time: 02:47:45

Health: -2/82      AC:  6    Str:  7    XL:     14   Next: 22%
Magic:  31/31      EV: 17    Int: 36    God:    Vehumet [*****.]
Gold:   1579       SH:  7    Dex: 13    Spells: 15/36 levels left

rFire    + . .     SeeInvis +   a - +1 demon blade of the Tundras {flame, rPois Int+4 SInv}
rCold    + + .     Faith    .   P - +2 buckler {rC+}
rNeg     . . .     Spirit   .   o - +0 troll leather armour
rPois    +         Reflect  .   p - +0 helmet
rElec    .         Harm     .   J - +0 cloak {rC+}
rCorr    .                      (no gloves)
MR       +....                  (no boots)
Stlth    ++........             f - amulet of the acrobat
HPRegen  0.63/turn              e - +6 ring of intelligence
MPRegen  0.22/turn              d - ring of protection from fire

@: lethally poisoned (-2 -> -13)
A: no striking features
a: Renounce Religion


You were on level 2 of the Lair of Beasts.
You worshipped Vehumet.
Vehumet was extremely pleased with you.
You visited 4 branches of the dungeon, and saw 20 of its levels.
You also visited: Ice Cave.

You collected 1579 gold pieces.

Inventory:

Hand Weapons
 a - the +1 demon blade of the Tundras (weapon) {flame, rPois Int+4 SInv}
   (You found it in an ice cave)

   It has been specially enchanted to burn those struck by it, causing extra
   injury to most foes and up to half again as much damage against particularly
   susceptible opponents.
   Big, fiery blades are also staple armaments of hydra-hunters.
   It affects your intelligence (+4).
   It protects you from poison.
   It lets you see invisible.
 K - the +7 dire flail "Haoreusch" {vorpal, +Blink MR+++ Str-3 SInv}
   (You took it off a two-headed ogre on level 7 of the Dungeon)

   It inflicts extra damage upon your enemies.
   It affects your strength (-3).
   It affects your resistance to hostile enchantments.
   It lets you see invisible.
   It lets you blink.
Missiles
 m - 2 throwing nets (quivered)
Armour
 o - a +0 troll leather armour (worn)
 p - a +0 helmet (worn)
 J - a +0 cloak of cold resistance (worn)
 P - a +2 buckler of cold resistance (worn)
Magical Staves
 b - an uncursed staff of air
 n - an uncursed staff of death
 z - an uncursed staff of fire
Jewellery
 d - a ring of protection from fire (right hand)
 e - a +6 ring of intelligence (left hand)
 f - an amulet of the acrobat (around neck)
 u - an uncursed ring of resist corrosion
 L - an uncursed ring of protection from cold
Wands
 G - a wand of digging (7)
Scrolls
 c - 4 scrolls of fog
 k - a scroll of magic mapping
 v - 7 scrolls of amnesia
 w - 3 scrolls of fear
 C - a scroll of blinking
 O - 10 scrolls of teleportation
Potions
 g - 3 potions of haste
 i - a potion of resistance
 j - 8 potions of curing
 B - 2 potions of brilliance
 I - a potion of heal wounds
Miscellaneous
 y - a box of beasts (3/3)


   Skills:
 - Level 7.4 Fighting
 - Level 10.7 Dodging
 - Level 2.4 Stealth
 - Level 4.0 Shields
 - Level 11.7 Spellcasting
 - Level 11.9 Conjurations
 + Level 16.4 Fire Magic
 - Level 3.5 Air Magic
 - Level 3.4 Evocations


You had 15 spell levels left.
You knew the following spells:

 Your Spells              Type           Power        Failure   Level
a - Magic Dart            Conj           ####         0%          1
b - Searing Ray           Conj           ######       1%          2
c - Shock                 Conj/Air       ####         1%          1
d - Foxfire               Conj/Fire      ####         0%          1
e - Mephitic Cloud        Conj/Pois/Air  ######..     1%          3
f - Conjure Flame         Conj/Fire      #######.     1%          3
g - Fulminant Prism       Conj/Hex       ######....   1%          4
h - Conjure Ball Lightni  Conj/Air       ######....   5%          6

Your spell library contained the following spells:

 Spells                   Type           Power        Failure   Level
 Freezing Cloud           Conj/Ice/Air   ######....   14%         6
 Dazzling Flash           Conj/Hex       ######       1%          3
 Static Discharge         Conj/Air       ######..     1%          3
 Iskenderun's Mystic Bla  Conj/Tloc      ######..     1%          4
 Lightning Bolt           Conj/Air       ######....   1%          5
 Beastly Appendage        Tmut           ###...       3%          1
 Wereblood                Tmut           ###.....     4%          2
 Ignition                 Fire           #######...   6%          8
 Spider Form              Tmut/Pois      ###.......   9%          3
 Yara's Violent Unravell  Hex/Tmut       ###.......   21%         5
 Cause Fear               Hex            ###.......   28%         4
 Ice Form                 Ice/Tmut       ###.....     28%         4
 Silence                  Hex/Air        ####......   36%         5
 Blade Hands              Tmut           ###.......   63%         5
 Discord                  Hex            ###.......   100%        8
 Shatter                  Erth           ###.......   100%        9
 Tornado                  Air            #####.....   100%        9


Dungeon Overview and Level Annotations

Branches:
Dungeon (12/15)            Temple (1/1) D:5            Lair (6/6) D:8
 Shoals (0/4) Lair:2       Spider (1/4) Lair:2        Slime (0/5) Lair:5
    Orc (0/2) D:12          IceCv (visited)

Altars:
Ashenzari
Cheibriados
Dithmenos
Elyvilon
Fedhas
Gozag
Hepliaklqana
Kikubaaqudgha
Makhleb
Nemelex Xobeh
Okawaru
Qazlal
Ru
Sif Muna
Trog
Uskayaw
Vehumet
Wu Jian
Xom
Yredelemnul
Zin
The Shining One

Annotations:
D:9 Gastronok


Message History

The wolf spider misses you.
You riposte.
You slash the wolf spider! You burn the wolf spider.
The wolf spider is lightly wounded.
The wolf spider closely misses you.
You climb upwards.
Welcome back to the Lair of Beasts!
* * * LOW HITPOINT WARNING * * *
You feel very sick.
There is a hole to the Spider Nest here.
You take 27 damage, and have 3/82 hp.
MASSIVE DAMAGE!!
You feel much better.
You feel sick.
The jumping spider completely misses you.
You riposte.
You hit the jumping spider. You burn the jumping spider.
The jumping spider is lightly wounded.
You block the jumping spider's attack. You block the demonic crawler's attack.
The demonic crawler hits you!
* * * LOW HITPOINT WARNING * * *
The demonic crawler hits you.
* * * LOW HITPOINT WARNING * * *
The redback closely misses you. The wolf spider hits you.
You die...

#.##.#### ####.#....#####
#.............# #......^......#
#..^........#.## #.........^##.P#
#..###^..^^##.###
########.###^^^ss^#....# ### #
##P##..##..###^s@^#....######P###
............^##s^^...............
........#....^##...^^#.###..#....
........#.....)....^^### ####....
...........^....^.^^##.# #....
.............^...##^#.#######....
........#.........##..P#.#.##....
.#..##...........................
###.#........###.................


You could see a demonic crawler, a wolf spider, a jumping spider and a redback.

Vanquished Creatures
  A fire dragon (Lair:6)
  2 hydras
  A centaur warrior (D:12)
  6 two-headed ogres
  10 death yaks
  A skeletal warrior (D:11)
  A lindwurm (Lair:6)
  Pikel (D:5)
  2 ugly things
  2 oklob plants (Lair:4)
  2 cyclopes (D:11)
  An elephant (D:8)
  2 black mambas
  2 ice statues (IceCv)
  5 torpor snails (Lair:6)
  2 gargoyles
  8 cane toads
  A kobold demonologist (D:11)
  4 komodo dragons
  A rime drake (Lair:5)
  9 ice devils (IceCv)
  A troll (D:11)
  A jumping spider (Lair:2)
  6 hornets
  A blink frog (Lair:4)
  5 tyrant leeches
  9 slime creatures
  5 dream sheep (Lair:6)
  10 hippogriffs
  2 redbacks (Lair:2)
  Sigmund (D:3)
  2 wyverns
  A human (D:8)
  42 yaks
  2 spriggans (Lair:5)
  3 wraiths (D:11)
  Eustachio (D:4)
  A tarantella (Lair:2)
  A basilisk (Lair:4)
  Menkaure (D:4)
  Edmund (D:6)
  2 swamp worms (Lair:1)
  9 water moccasins
  6 porcupines
  5 orc warriors
  A black bear (Lair:4)
  An eye of draining (D:11)
  6 ice beasts
  3 sky beasts
  3 phantoms
  5 ogres
  3 centaurs
  14 wolves
  4 lemures
  12 crocodiles
  2 big kobolds
  A wyvern zombie (D:10)
  12 bullfrogs
  6 scorpions
  5 killer bees (D:10)
  9 wights
  3 electric eels (Lair:3)
  A howler monkey (D:4)
  A bullfrog zombie (D:10)
  A quasit (D:7)
  2 centaur zombies
  6 hounds
  Crazy Yiuf (D:3)
  6 orc priests
  A bullfrog skeleton (D:10)
  12 orc wizards
  2 centaur skeletons
  10 iguanas
  Jessica (D:3)
  7 hell rats (Lair:5)
  5 worker ants
  A killer bee zombie (D:7)
  A hound zombie (D:7)
  A hound skeleton (D:7)
  A worker ant zombie (D:11)
  Robin (D:4)
  11 adders
  3 gnolls (D:9)
  2 shadow imps
  7 white imps
  8 ufetubi (IceCv)
  2 oozes
  2 adder zombies
  2 adder skeletons
  3 worms
  The ghost of qipq the Sneak, a weakling DsDe (D:7)
  10 leopard geckos
  35 orcs
  2 giant cockroaches
  13 goblins
  13 hobgoblins
  17 jackals
  11 kobolds
  3 quokkas
  A ball python (D:3)
  8 bats
  14 frilled lizards
  8 rats
  A butterfly (Lair:3)
  9 fulminant prisms
519 creatures vanquished.

Vanquished Creatures (others)
  A reaper (IceCv)
  13 ball lightnings
  5 white imps (IceCv)
  3 ufetubi (IceCv)
  427 foxfires
  14 fulminant prisms
  23 fungi
  68 plants
554 creatures vanquished.

Grand Total: 1073 creatures vanquished

Notes
Turn   | Place    | Note
-------+----------+-------------------------------------------
     0 | D:1      | Mitsuki the Deep Elf Conjurer began the quest for the Orb.
     0 | D:1      | Reached XP level 1. HP: 10/10 MP: 6/6
   127 | D:1      | Reached XP level 2. HP: 15/15 MP: 1/8
   493 | D:1      | Reached XP level 3. HP: 20/20 MP: 6/9
   863 | D:2      | Reached skill level 1 in Fighting
   955 | D:2      | Reached skill level 5 in Conjurations
  1448 | D:2      | Reached XP level 4. HP: 17/25 MP: 5/11
  1632 | D:2      | Found a glowing silver altar of Zin.
  2128 | D:2      | Learned a level 2 spell: Searing Ray
  2145 | D:3      | Noticed Jessica
  2146 | D:3      | Killed Jessica
  2146 | D:3      | Reached skill level 1 in Shields
  2648 | D:3      | Reached XP level 5. HP: 29/29 MP: 10/12
  2829 | D:3      | Noticed Sigmund
  2840 | D:3      | Killed Sigmund
  2840 | D:3      | Reached XP level 6. HP: 29/35 MP: 1/14
  3364 | D:3      | Found a runed translucent door.
  3365 | D:3      | Noticed Crazy Yiuf
  3371 | D:3      | Killed Crazy Yiuf
  3459 | D:4      | Noticed Robin
  3461 | D:4      | Killed Robin
  3750 | D:4      | Noticed Eustachio
  4201 | D:4      | Reached XP level 7. HP: 40/40 MP: 10/16
  4339 | D:4      | Noticed Menkaure
  4433 | D:4      | Killed Eustachio
  4433 | D:4      | Reached skill level 5 in Spellcasting
  4588 | D:5      | Entered Level 5 of the Dungeon
  4588 | D:5      | Noticed Pikel
  4674 | D:4      | Killed Menkaure
  4829 | D:5      | Noticed a hippogriff
  4884 | D:5      | Killed Pikel
  4884 | D:5      | Reached skill level 5 in Dodging
  4884 | D:5      | Reached XP level 8. HP: 45/46 MP: 10/18
  4963 | D:5      | Killed a hippogriff
  5338 | D:5      | Found a staircase to the Ecumenical Temple.
  5346 | Temple   | Entered the Ecumenical Temple
  5379 | Temple   | Became a worshipper of Vehumet
  6078 | D:6      | Noticed Edmund
  6093 | D:6      | Killed Edmund
  6503 | D:6      | Reached XP level 9. HP: 52/52 MP: 12/21
  7480 | D:7      | Found a transporter.
  7489 | D:7      | Found a transporter.
  7490 | D:7      | Noticed qipq's ghost (weakling DsDe)
  7491 | D:7      | Identified the +7 dire flail "Haoreusch" {vorpal, +Blink
                  | MR+++ Str-3 SInv}
  7491 | D:7      | Identified the cursed +0 dire flail of Certain Death
                  | {flame, +Rage rPois rC+}
  7491 | D:7      | Noticed a two-headed ogre
  7610 | D:7      | Got an encrusted ring mail
  7743 | D:7      | Reached * piety under Vehumet
  7743 | D:7      | Offered knowledge of Shock by Vehumet.
  7746 | D:7      | Learned a level 1 spell: Shock
  7864 | D:8      | Found a runed translucent door.
  7868 | D:8      | Found a basalt altar of Yredelemnul.
  7918 | D:8      | Reached skill level 10 in Conjurations
  8030 | D:8      | Got a brightly glowing ring mail
  8105 | D:8      | Paralysed by a hornet for 3 turns
  8302 | D:7      | Identified a scroll of acquirement
  8302 | D:7      | Acquired an uncursed staff of fire
  8308 | D:7      | Identified the +0 ring mail of Old and Reckless {*Slow rC+
                  | rCorr Int+9} (You found it on level 7 of the Dungeon)
  8309 | D:7      | Identified the +5 ring mail of the Game Afoot {Dex+2} (You
                  | found it on level 8 of the Dungeon)
  8360 | D:8      | Noticed a two-headed ogre
  8370 | D:8      | Killed a two-headed ogre
  8370 | D:8      | Reached skill level 5 in Fighting
  8370 | D:8      | Reached XP level 10. HP: 59/59 MP: 15/24
  8515 | D:8      | Noticed an elephant
  8694 | D:8      | Killed an elephant
  8694 | D:8      | Reached skill level 1 in Air Magic
  8946 | D:8      | Found a staircase to the Lair.
  9124 | D:9      | Noticed Gastronok
  9185 | Lair:1   | Entered Level 1 of the Lair of Beasts
  9636 | Lair:1   | Noticed a four-headed hydra
  9643 | Lair:1   | Killed a four-headed hydra
  9813 | Lair:1   | Noticed a cane toad
  9839 | Lair:1   | Killed a cane toad
 10516 | Lair:1   | Reached XP level 11. HP: 64/64 MP: 18/26
 10889 | Lair:2   | Reached ** piety under Vehumet
 10932 | Lair:1   | Offered knowledge of Foxfire by Vehumet.
 10936 | Lair:1   | Learned a level 1 spell: Foxfire
 11143 | Lair:2   | Reached skill level 1 in Fire Magic
 11242 | Lair:2   | Reached skill level 10 in Spellcasting
 11309 | Lair:2   | Found a hole to the Spider Nest.
 11338 | Lair:2   | Reached skill level 2 in Fire Magic
 12159 | Lair:2   | Found a staircase to the Shoals.
 12335 | D:7      | Killed qipq's ghost
 12338 | D:7      | Reached skill level 3 in Fire Magic
 12339 | D:7      | Killed a two-headed ogre
 12588 | D:9      | Offered knowledge of Mephitic Cloud by Vehumet.
 12599 | D:9      | Learned a level 3 spell: Mephitic Cloud
 12786 | D:9      | Reached skill level 4 in Fire Magic
 12841 | D:9      | Reached skill level 1 in Evocations
 12910 | D:9      | Found a shattered altar of Ashenzari.
 12922 | D:9      | Reached *** piety under Vehumet
 13359 | D:9      | Reached skill level 5 in Fire Magic
 13647 | D:9      | Offered knowledge of Stone Arrow by Vehumet.
 13647 | D:9      | Reached skill level 10 in Dodging
 13718 | D:10     | Entered Level 10 of the Dungeon
 14084 | D:10     | Noticed a two-headed ogre
 14556 | Lair:3   | Reached XP level 12. HP: 68/71 MP: 21/29
 14729 | Lair:3   | Reached skill level 6 in Fire Magic
 16234 | Lair:4   | Reached **** piety under Vehumet
 16283 | Lair:4   | Reached skill level 7 in Fire Magic
 17659 | Lair:5   | Offered knowledge of Conjure Flame by Vehumet.
 17664 | Lair:5   | Learned a level 3 spell: Conjure Flame
 17706 | Lair:5   | Reached skill level 8 in Fire Magic
 17888 | Lair:5   | Noticed a death yak
 17971 | Lair:5   | Found a staircase to the Slime Pits.
 18178 | D:10     | Noticed a two-headed ogre
 18184 | D:10     | Killed a two-headed ogre
 18216 | D:10     | Killed a two-headed ogre
 18216 | D:10     | Reached skill level 9 in Fire Magic
 19188 | D:11     | Noticed a two-headed ogre
 19196 | D:11     | Killed a two-headed ogre
 19196 | D:11     | Reached skill level 10 in Fire Magic
 19431 | D:11     | Noticed a two-headed ogre
 19441 | D:11     | Found a frozen archway.
 19451 | IceCv    | Entered an ice cave
 19488 | IceCv    | Learned a level 4 spell: Fulminant Prism
 19767 | IceCv    | Killed a reaper
 19908 | IceCv    | Reached skill level 11 in Fire Magic
 20240 | IceCv    | Reached XP level 13. HP: 52/76 MP: 23/30
 20329 | IceCv    | Got a shimmering demon blade
 20389 | IceCv    | Identified the cursed +1 demon blade of the Tundras {flame,
                  | rPois Int+4 SInv} (You found it in an ice cave)
 20397 | IceCv    | Upgraded the game from 0.26-a0-606-g3c8f2f65f7 to
                  | 0.26-a0-610-g3e9335bbc7
 20824 | D:11     | Reached ***** piety under Vehumet
 20825 | D:11     | Reached skill level 12 in Fire Magic
 20844 | D:11     | Offered knowledge of Conjure Ball Lightning by Vehumet.
 20852 | D:11     | Learned a level 6 spell: Conjure Ball Lightning
 21966 | D:12     | Found a staircase to the Orcish Mines.
 22332 | D:12     | Reached skill level 13 in Fire Magic
 23499 | Lair:4   | Reached skill level 14 in Fire Magic
 23896 | Lair:6   | Entered Level 6 of the Lair of Beasts
 24630 | Lair:4   | Reached skill level 15 in Fire Magic
 25302 | Lair:6   | Reached XP level 14. HP: 82/82 MP: 26/31
 25915 | Lair:6   | Found a runed translucent door.
 26023 | Lair:6   | Reached skill level 16 in Fire Magic
 26323 | Lair:6   | Offered knowledge of Freezing Cloud by Vehumet.
 26977 | Spider:1 | Entered Level 1 of the Spider Nest
 27044 | Lair:2   | HP: 3/82 [poisoned by a wolf spider]
 27045 | Lair:2   | Slain by a wolf spider

Illustrated notes

Levels and vault maps discovered:
D:1:      lemuel_arrival_muddy, layout_rooms, minmay_split_cup_small
D:2:      layout_loops_ring, lemuel_doored_altar, minmay_lizard_pond
D:3:      layout_loops_ring, minmay_puff, uniq_sigmund, uniq_jessica,
          uniq_crazy_yiuf_cottage
D:4:      layout_loops_ring, uniq_menkaure, uniq_robin, uniq_eustachio
D:5:      layout_cave_pools, minmay_temple_entry_overgrown, uniq_pikel
D:6:      layout_basic, uniq_edmund
D:7:      layout_rooms, gammafunk_ghost_smash
D:8:      layout_rooms, david_lair_generic, minmay_fountain_box,
          dk_yredelemnul_ordeal
D:9:      layout_gridville, basic_altar, uniq_gastronok
D:10:     layout_rooms, minmay_holes
D:11:     minmay_chambers_of_sevens, layout_irregular_city,
          portal_ice_cave_entry_pillars_2
D:12:     layout_loops_ring, orc_0_dummy
Temple:   roderic_octagonal_lattice_temple
Lair:1:   layout_regular_city, worms_lemuel
Lair:2:   layout_small_grid, elwin_shoals_entry_rooms, spider_nest_entry_webs,
          chequers_serial_rivers_micro_a, infiniplex_staircase_pool_2,
          serial_bayou_shore_b
Lair:3:   layout_chaotic_city, lemuel_fruit_fields, serial_bayou_shore_b,
          grunt_megastairs_1, serial_bayou_shore_a, lemuel_fruit_fields,
          serial_bayou_shore_b
Lair:4:   layout_small_grid, grunt_megastairs_4, minmay_lair_oklob_chamber,
          lemuel_fruit_tree, serial_bayou_shore_b, infiniplex_staircase_pool
Lair:5:   wad_woods_tower, layout_regular_city, dpeg_slime_entry_corner
Lair:6:   wormcave, layout_regular_city, serial_bayou_shore_b
Spider:1: nicolae_spider_mines_2, drop_trap

Skill      XL: |  1  2  3  4  5  6  7  8  9 10 11 12 13 14 |
---------------+-------------------------------------------+-----
Fighting       | 1 2 3 5 6 7 |  7.4
Conjurations   | 5 6 7 8 10 11 | 11.9
Dodging        | 3 4 5 6 7 8 10 | 10.7
Shields        | 1 2 3 4 |  4.0
Spellcasting   | 4 5 6 8 9 11 | 11.7
Air Magic      | 3 |  3.5
Fire Magic     | 5 11 15 16 | 16.4
Evocations     | 2 3 |  3.4
Stealth        | |  2.4

Action                   |  1- 3 |  4- 6 |  7- 9 | 10-12 | 13-15 || total
-------------------------+-------+-------+-------+-------+-------++-------
Melee: Dagger            |    22 |       |       |       |       ||    22
       Whip              |       |     4 |     2 |       |       ||     6
       Unarmed           |       |       |     4 |       |       ||     4
       Falchion          |       |       |       |    25 |       ||    25
       Dire flail        |       |       |       |    46 |       ||    46
       Demon blade       |       |       |       |       |    68 ||    68
 Cast: Magic Dart        |    80 |   111 |   179 |   275 |    97 ||   742
       Searing Ray       |       |     8 |    36 |   130 |   119 ||   293
       Foxfire           |       |       |       |   239 |     5 ||   244
       Mephitic Cloud    |       |       |       |    14 |    32 ||    46
       Fulminant Prism   |       |       |       |    12 |    12 ||    24
       Conjure Flame     |       |       |       |     1 |     3 ||     4
       Shock             |       |       |       |     1 |       ||     1
       Conjure Ball Ligh |       |       |       |       |     5 ||     5
 Abil: Evoke Blink       |       |       |       |     1 |       ||     1
  Use: Scroll            |       |     7 |     6 |     9 |     4 ||    26
       Potion            |       |       |     1 |     1 |    11 ||    13
 Stab: Sleeping          |     3 |       |       |       |     1 ||     4
       Confused          |       |       |     1 |     1 |     2 ||     4
Armor: Robe              |     6 |     5 |     7 |       |       ||    18
       Ring mail         |       |       |       |    64 |       ||    64
       Troll leather arm |       |       |       |     7 |    38 ||    45
Dodge: Dodged            |    22 |    20 |    55 |   221 |   293 ||   611
Block: Buckler           |     3 |     6 |    14 |    35 |   110 ||   168
       Rpst.: Falchion   |       |       |       |    19 |       ||    19
       Demon blade       |       |       |       |       |    93 ||    93

Table legend: (Time is in decaauts)
 A = Elapsed time spent in this place.
 B = Non-inter-level travel time spent in this place.
 C = Inter-level travel time spent in this place.
 D = Time resting spent in this place.
 E = Time spent auto-exploring this place.
 F = Levels seen in this place.
 G = Mean time per level.
                   A        B        C        D        E       F      G
               +--------+--------+--------+--------+--------+-----+--------+
         Total |  27259 |  25164 |   2095 |   5462 |  14684 |  21 | 1298.0 |
       Dungeon |  14589 |  13628 |    961 |   2189 |   8873 |  12 | 1215.8 |
        Temple |    234 |    222 |     12 |      0 |    213 |   1 |  234.0 |
          Lair |  11367 |  10246 |   1121 |   2749 |   5512 |   6 | 1894.5 |
   Spider Nest |     13 |     13 |      0 |      0 |      0 |   1 |   13.0 |
      Ice Cave |   1054 |   1054 |      0 |    524 |     86 |   1 | 1054.0 |
               +--------+--------+--------+--------+--------+-----+--------+

Top non-repeatable levels by time:
  Lair:1: 2196 daAuts
  Lair:4: 2142 daAuts
  Lair:5: 2115 daAuts
  Lair:6: 2015 daAuts
     D:9: 1561 daAuts
    D:11: 1529 daAuts
  Lair:2: 1516 daAuts
  Lair:3: 1381 daAuts
     D:8: 1347 daAuts
     D:3: 1345 daAuts
    D:10: 1319 daAuts
     D:1: 1168 daAuts
     D:7: 1126 daAuts
     D:4: 1108 daAuts
     D:2: 1099 daAuts
